 Dungeon Crawl Stone Soup version 0.29.1-13-g9f3cf754e1 (webtiles) character file.

Game seed: 11472070184104680206

74 Barneous the Chucker (level 4, -3/27 HPs)
             Began as an Octopode Wanderer on Feb 6, 2023.
             Killed by nerve-wracking pain
             ... invoked by an orc priest
              (11 damage)
             ... on level 2 of the Dungeon.
             The game lasted 00:04:57 (1929 turns).

Barneous the Chucker (Octopode Wanderer)            Turns: 1929, Time: 00:04:58

Health: -3/27      AC:  1    Str:  7 (9)  XL:     4   Next: 30%
Magic:  7/7        EV: 12    Int: 14 (15) God:
Gold:   83         SH:  4    Dex: 13 (14) Spells: 5/7 levels left

rFire   . . .      SeeInvis .   e - +2 dagger (freeze)
rCold   . . .      Faith    .   c - +0 buckler
rNeg    . . .      Spirit   .   (helmet restricted)
rPois   .          Reflect  .   (no amulet)
rElec   .          Harm     .   (no ring)
rCorr   .          Rampage  .   (no ring)
Will    .....                   (no ring)
Stlth   +++.......              (no ring)
HPRegen 0.09/turn               (no ring)
MPRegen 0.10/turn               (no ring)
                                (no ring)
                                (no ring)

@: no status effects
A: almost no armour, amphibious, 8 rings, camouflage 1, gelatinous body 1,
(nimble swimmer 1), tentacles
a: no special abilities


You were on level 2 of the Dungeon.
You visited 1 branch of the dungeon, and saw 2 of its levels.

You collected 83 gold pieces.

Inventory:

Hand Weapons
 e - a +2 dagger of freezing (weapon)
Missiles
 b - 4 curare-tipped darts
Armour
 c - a +0 buckler (worn)
Scrolls
 a - a scroll of identify
 d - a scroll of teleportation


   Skills:
 + Level 1.0 Short Blades
 + Level 3.2 Throwing
 + Level 1.5 Dodging
 + Level 1.6 Stealth
 + Level 2.3 Shields
 + Level 0.9 Unarmed Combat
 + Level 2.2 Spellcasting
 + Level 1.4 Necromancy
 + Level 1.6 Evocations


You had 5 spell levels left.
You knew the following spells:

 Your Spells              Type           Power      Damage    Failure   Level
a - Necrotise             Necr           20%        1d5       17%         1
b - Magic Dart            Conj           4%         1d3       30%         1

Your spell library contained the following spells:

 Spells                   Type           Power      Damage    Failure   Level
 Foxfire                  Conj/Fire      4%         2x1d4     30%         1
 Call Imp                 Summ           1%         N/A       43%         2
 Vampiric Draining        Necr           5%         2d6       45%         3
 Conjure Flame            Conj/Fire      1%         6-21      67%         3
 Inner Flame              Hex/Fire       1%         N/A       67%         3
 Mephitic Cloud           Conj/Pois/Air  1%         N/A       67%         3
 Flame Wave               Conj/Fire      1%         2d4       97%         4


Dungeon Overview and Level Annotations

Branches:
Dungeon (2/15)

Altars:

Shops:
D:1 ?


Innate Abilities, Weirdness & Mutations

You cannot wear most types of armour.
You are amphibious.
You can wear up to eight rings at the same time.
Your skin changes colour to match your surroundings (Stealth+).
Your rubbery body absorbs attacks. (AC +1, EV +1)
((You are camouflaged when in or above water. (Stealth+)))
You have tentacles for arms and can constrict up to eight enemies at once.


Message History

You constrict the quokka.
You kill the quokka!
There is an open door here.
You see here a quokka corpse.
You now have 83 gold pieces (gained 10).
An orc comes into view. It is wielding a +0 club.
An orc priest comes into view. It is wielding a +0 short sword.
The orc priest shouts!
An orc comes into view. It is wielding a +0 whip.
The orc priest moves out of view.
An orc priest comes into view. It is wielding a +0 mace.
You barely miss the orc priest.
The orc priest shouts!
The orc shouts!
You grab the orc priest. You constrict the orc priest.
You hear a shout!
You hear a bark!
The orc priest hits you with a +0 short sword.
You hit the orc priest. You freeze the orc priest.
You squeeze the orc priest, but do no damage.
The orc priest is moderately wounded.
You constrict the orc priest. You block the orc priest's attack.
You hit the orc priest. You freeze the orc priest. You squeeze the orc priest.
The orc priest is heavily wounded.
You constrict the orc priest, but do no damage.
The orc priest casts a cantrip, but nothing happens.
The orc priest mumbles some strange prayers to Beogh against you.
Beogh smites you!
You barely miss the orc priest.
The orc priest is heavily wounded.
You constrict the orc priest.
The orc priest escapes!
The orc barely misses you. The orc priest misses you.
You closely miss the orc. Your grab misses the orc.
The orc hits you with a +0 club. You block the orc priest's attack.
The orc priest looks satisfied for a moment.
You hit the orc priest. You freeze the orc priest. You grab the orc priest.
The orc priest is severely wounded.
You constrict the orc priest. The orc hits you with a +0 club.
* * * LOW HITPOINT WARNING * * *
The orc priest calls down the wrath of Beogh upon you.
Pain shoots through your body!
You die...

..............##..
..............##.#
....#.............
....#........###.#
................o.
....#........###o#
..............##o#
..............##@###
.....######......o.#
.....#### #......#.#
........###......#.#
###.....##.......# #
# #.....##..##.### #
#.....##...#.# #
#............. #
#..............


You could see 2 orc priests and 2 orcs.

Vanquished Creatures
  2 gnolls (D:1)
  3 dart slugs
  3 orcs (D:2)
  4 bats
  6 endoplasms
  2 giant cockroaches
  4 hobgoblins (D:1)
  2 kobolds (D:1)
  4 quokkas
  6 ball pythons
  A frilled lizard (D:1)
  3 goblins (D:1)
  A rat (D:1)
41 creatures vanquished.

Vanquished Creatures (collateral kills)
  A bat (D:1)
1 creature vanquished.

Grand Total: 42 creatures vanquished

Notes
Turn   | Place    | Note
-------+----------+-------------------------------------------
     0 | D:1      | Barneous the Octopode Wanderer began the quest for the Orb.
     0 | D:1      | Barneous set off with the following items: a +2 dagger, 4
                  | curare-tipped darts, a +0 buckler, a scroll of
                  | teleportation; and the following spell memorised:
                  | Necrotise; and the following spells available to memorise:
                  | Vampiric Draining.
     0 | D:1      | Reached XP level 1. HP: 11/11 MP: 3/3
    55 | D:1      | Reached XP level 2. HP: 10/17 MP: 5/5
   473 | D:1      | Found Nigra's Magic Scroll Emporium.
   607 | D:1      | Reached XP level 3. HP: 20/21 MP: 6/6
   840 | D:1      | Reached skill level 1 in Stealth
  1092 | D:1      | Reached skill level 1 in Short Blades
  1215 | D:1      | Learned a level 1 spell: Magic Dart
  1520 | D:2      | Reached XP level 4. HP: 26/27 MP: 7/7
  1862 | D:2      | Identified the +0 pair of boots of Jautong {rC+}
  1869 | D:2      | Found a faded altar of an unknown god.
  1929 | D:2      | Killed from afar by an orc priest

Illustrated notes

Levels and vault maps discovered:
D:1:      lemuel_arrival_muddy, layout_loops_corners, serial_shops,
          nicolae_shop_behind_doors
D:2:      layout_basic, basic_ecumenical_altar

Skill      XL: |  1  2  3 |
---------------+----------+-----
Stealth        | 1 |  1.6
Short Blades   | 1 |  1.0
Throwing       | |  3.2
Dodging        | |  1.5
Shields        | |  2.3
Unarmed Combat | |  0.9
Spellcasting   | |  2.2
Necromancy     | |  1.4
Evocations     | |  1.6

Action                   |  1- 3 |  4- 6 || total
-------------------------+-------+-------++-------
Melee: Dagger            |    50 |    28 ||    78
       Tentacles         |     9 |     6 ||    15
       Constrict         |    17 |     7 ||    24
       Punch             |     2 |       ||     2
 Cast: Necrotise         |     2 |       ||     2
       Magic Dart        |       |     5 ||     5
  Use: Potion            |     5 |     1 ||     6
       Scroll            |     2 |       ||     2
 Stab: Sleeping          |     7 |     1 ||     8
Armor: Skin              |     5 |     1 ||     6
Dodge: Dodged            |    19 |    11 ||    30
Block: Buckler           |     2 |     4 ||     6
